Map: Misty Swamp

Players

Yankee

  • Race: Terran Terran
  • Spawn Location: 12:00

James

  • Race: Protoss Protoss
  • Spawn Location: 9:00

Bry

  • Race: Protoss Protoss
  • Spawn Location: 9:00

SubjectXile

  • Race: Terran Terran
  • Spawn Location: 3:00

aaronSC

  • Race: Zerg Zerg
  • Spawn Location: 3:00

Pain

  • Race: Terran Terran
  • Spawn Location: 12:00

VOD

Have the link to the VOD?

Description

Time

  • Played on: March 14, 2018, 1:15 a.m.
  • Length: 6:21
Show
View Real Time Build Order
Export as new Build Order

Yankee Terran 

Build Orders:  

Get SALT Encoding   

  12  0:11  SCV  
  13  0:23  SCV  
  14  0:33  Supply Depot  
  14  0:35  SCV  
  15  1:03  Barracks  
  15  1:20  SCV, Refinery  
  17  1:32  SCV  
  17  1:45  SCV  
  18  1:52  Marine  
  19  1:57  SCV  
  20  2:09  Marine  
  21  2:23  SCV, Barracks  
  21  2:27  Marine  
  23  2:58  Barracks Tech Lab, Supply Depot  
  23  3:12  Bunker  
  23  3:20  Barracks Reactor  
  23  3:22  Supply Depot  
  23  3:38  Marauder  
  25  3:44  Orbital Command, Factory  
  25  3:57  Marine x2  
  25  4:00  Marauder  
  29  4:07  Concussive Shells  
  29  4:15  Marine x2  
  31  4:21  Marauder  
  33  4:33  Marine x2  
  35  4:42  Armory, Marauder  
  37  4:51  Marine x2  
  35  5:45  Starport  
  35  5:48  Marine x2  
  37  5:51  Marauder  
Show
View Real Time Build Order
Export as new Build Order

James Protoss 

Build Orders:  

Get SALT Encoding   

  12  0:02  Probe  
  14  0:14  Probe  
  14  0:22  Pylon  
  14  0:34  Probe  
  15  0:43  Gateway  
  15  0:45  Assimilator  
  15  0:46  Probe  
  16  0:58  Probe  
  16  1:00  Assimilator  
  16  1:03  Pylon  
  17  1:10  Probe  
  18  1:22  Probe  
  19  1:34  Zealot, Cybernetics Core, Probe  
  22  1:46  Probe  
  23  2:03  Gateway  
  23  2:05  Gateway  
  23  2:06  Warp Gate (Chrono Boost)  
  23  2:17  Probe  
  23  2:22  Stalker  
  26  2:32  Pylon  
  26  2:43  Gateway  
  26  2:49  Probe  
  27  2:52  Sentry  
  29  3:01  Stalker  
  29  3:04  Stalker  
  33  3:22  Pylon  
  33  3:49  Stalker  
  33  3:50  Stalker x3  
  33  3:54  Pylon  
  41  4:06  Twilight Council  
  41  4:16  Zealot x2  
  45  4:21  Zealot  
  47  4:33  Zealot  
  47  4:37  Zealot  
  51  4:52  Pylon  
  49  5:03  Stalker x2  
  49  5:06  Stalker  
  47  5:27  Robotics Facility  
  47  5:37  Zealot x2  
  47  5:40  Zealot  
  53  5:55  Stalker  
  55  5:57  Stalker  
  55  6:10  Stalker  
  55  6:15  Zealot  
Show
View Real Time Build Order
Export as new Build Order

Bry Protoss 

Build Orders:  

Get SALT Encoding   

  12  0:13  Pylon  
  12  0:36  Gateway  
  12  1:06  Assimilator, Probe  
  14  1:18  Probe  
  14  1:21  Pylon  
  14  1:30  Probe  
  15  1:32  Pylon  
  15  1:43  Gateway  
  15  1:51  Zealot  
  17  2:06  Cybernetics Core  
  17  2:18  Zealot  
  19  2:27  Assimilator  
  19  2:45  Zealot  
  21  2:52  Forge  
  21  3:12  Zealot  
  23  3:15  Probe  
  24  3:23  Stalker  
  26  3:27  Probe  
  27  3:39  Zealot, Probe  
  30  3:42  Photon Cannon  
  30  3:58  Stalker  
  32  4:06  Sentry  
  34  4:13  Probe  
  35  4:28  Stalker  
  37  4:33  Sentry  
  37  4:35  Stargate  
Show
View Real Time Build Order
Export as new Build Order

SubjectXile Terran 

Build Orders:  

Get SALT Encoding   

  12  0:02  SCV  
  13  0:15  SCV  
  14  0:29  Supply Depot  
  14  0:54  Barracks  
  14  0:55  SCV  
  15  0:59  Refinery  
  15  1:07  SCV  
  16  1:19  SCV  
  16  1:20  Supply Depot  
  17  1:31  SCV  
  18  1:43  SCV  
  19  1:49  Refinery  
  19  1:56  SCV  
  20  2:08  Marine  
  20  2:15  SCV  
  22  2:26  Marine  
  22  2:27  SCV, Command Center  
  24  2:33  Bunker  
  24  2:44  Factory, Marine  
  25  2:56  SCV  
  26  3:08  Marine  
  27  3:20  Orbital Command  
  27  3:29  Factory Tech Lab, Starport  
  27  3:42  Barracks Reactor  
  27  4:00  SCV x2  
  29  4:09  Supply Depot  
  29  4:12  SCV x2  
  33  4:17  Hellion  
  33  4:21  Banshee  
  36  4:24  SCV  
  36  4:25  SCV  
  38  4:32  Refinery  
  38  4:36  SCV  
  38  4:37  SCV  
  40  4:49  SCV  
  38  4:57  Marine x2  
  39  5:15  Marine x2  
  31  5:32  Marine  
  31  5:33  Marine  
Show
View Real Time Build Order
Export as new Build Order

aaronSC Zerg 

Build Orders: Pool Only 

Get SALT Encoding   

  12  0:03  Drone  
  13  0:08  Drone  
  14  0:19  Overlord  
  14  0:44  Drone  
  14  0:45  Drone x2  
  17  0:52  Extractor  
  16  1:01  Drone  
  17  1:13  Spawning Pool  
  17  1:14  Overlord  
  16  1:21  Drone  
  17  1:29  Drone  
  18  1:45  Drone  
  19  1:54  Drone  
  20  2:06  Baneling Nest  
  19  2:17  Metabolic Boost  
  19  2:22  Drone x2  
  21  2:26  Extractor  
  21  2:28  Overlord  
  20  2:32  Queen  
  22  2:37  Zergling x2  
  23  2:50  Evolution Chamber  
  22  2:55  Drone  
  23  3:01  Zergling x2  
  24  3:28  Drone x2  
  24  3:29  Drone  
  26  3:44  Zergling x2  
  27  4:04  Spine Crawler, Zergling x4  
  27  4:07  Baneling x3  
  27  4:08  Baneling  
  28  4:10  Zerg Melee Weapons Level 1  
  28  4:15  Zergling x2  
  29  4:19  Zergling x2  
  29  4:20  Overlord  
  29  4:21  Overlord  
  30  4:39  Overlord  
  30  4:55  Zergling x8  
  31  5:05  Zergling x2  
  28  5:22  Zergling x4  
  27  5:39  Zergling x2  
Show
View Real Time Build Order
Export as new Build Order

Pain Terran 

Build Orders:  

Get SALT Encoding   

  12  0:01  SCV  
  13  0:32  Supply Depot  
  13  0:42  SCV  
  15  0:58  Supply Depot  
  14  1:08  SCV  
  15  1:20  SCV  
  15  1:22  Barracks  
  16  1:32  SCV  
  17  1:40  Engineering Bay  
  17  1:44  SCV  
  18  1:56  SCV  
  19  2:08  SCV  
  19  2:11  Barracks  
  20  2:28  Orbital Command  
  20  2:33  Refinery  
  20  2:59  Marine x2  
  22  3:09  SCV  
  23  3:17  Marine x2  
  25  3:21  SCV  
  26  3:33  SCV  
  27  3:35  Marine x2  
  29  3:45  SCV  
  30  3:52  Marine  
  30  3:53  Terran Infantry Weapons Level 1  
  31  4:03  Supply Depot  
  31  4:25  SCV, Marine x2  
  31  4:26  Supply Depot  
  34  4:31  Refinery  
  34  4:37  SCV, Command Center  
  35  4:41  Missile Turret x2  
  35  4:42  Marine  
  36  4:46  Barracks Reactor  
  36  4:49  SCV  
  37  5:01  SCV  
  37  5:05  Marine  
  30  5:18  Supply Depot  
  30  5:23  Marine  
  30  5:25  Marine x2  
  32  5:41  Marine  
  32  5:43  Marine x2  
  33  5:59  Marine  
  33  6:01  Marine x2  
Tags
 
Add a new tag
Caveats
  • Supply blocks, unpowered buildings, or Contaminate may cause inaccurate times.
  • Supply counts are checked every 10 seconds.